 Dungeon Crawl Stone Soup version 0.27-a0-1384-g1422d76b99 (webtiles) character file.

Game seed: 8830527739314066929

4 dickylongcocking the Skirmisher (level 1, 21/21 HPs)
             Began as a Djinni Wanderer on June 30, 2021.
             Quit the game on level 1 of the Dungeon.
             The game lasted 00:00:24 (301 turns).

dickylongcocking the Skirmisher (Djinni Wanderer)    Turns: 301, Time: 00:00:24

Health: 21/21      AC:  2    Str:  9    XL:     1   Next: 77%
Gold:   9          EV: 12    Int: 15    God:
                   SH:  0    Dex: 12

rFire    + + .     SeeInvis .   a - +2 falchion
rCold    x . .     Faith    .   (no shield)
rNeg     . . .     Spirit   .   b - +0 robe
rPois    ∞         Reflect  .   (no helmet)
rElec    .         Harm     .   (no cloak)
rCorr    .         Rampage  .   (no gloves)
Will     .....                  (boots unavailable)
Stlth    +.........             (no amulet)
HPRegen  0.07/turn              (no ring)
MPRegen  0.00/turn              (no ring)

@: flying
A: sickness immunity, fire resistance 2, cold vulnerability 1, float, innate
caster, hp casting, extra vitality 1
a: no special abilities


You were on level 1 of the Dungeon.
You visited 1 branch of the dungeon, and saw 1 of its levels.

You collected 9 gold pieces.

Inventory:

Hand Weapons
 a - a +2 falchion (weapon)
Armour
 b - a +0 robe (worn)
Jewellery
 g - a ring of magical power
Scrolls
 c - a scroll of identify {unknown}
 d - a scroll of enchant weapon {unknown}
 e - a scroll of magic mapping {unknown}
 f - a scroll of brand weapon {unknown}


   Skills:
 + Level 4.2 Fighting
 + Level 1.0 Long Blades
 + Level 1.0 Axes
 + Level 1.0 Throwing
 + Level 2.1 Dodging
 + Level 1.0 Shields


You couldn't memorise any spells.
You knew the following spells:

 Your Spells              Type           Power      Damage    Failure   Level
a - Static Discharge      Conj/Air       0%         N/A       38%         2
b - Poisonous Vapours     Pois/Air       0%         N/A       38%         2
c - Static Discharge      Conj/Air       0%         N/A       38%         2
d - Poisonous Vapours     Pois/Air       0%         N/A       38%         2

Your spell library contained the following spells:

 Spells                   Type           Power      Damage    Failure   Level


Dungeon Overview and Level Annotations

Branches:
Dungeon (1/15)

Altars:


Innate Abilities, Weirdness & Mutations

You are immune to sickness and miasma.
You are immune to poison.
Your flesh is very heat resistant. (rF++)
You are vulnerable to cold. (rC-)
You float through the air rather than walking.
You learn spells naturally, not from books.
Your magical power is your life essence.
You have superior vitality. (+4 HP)


Message History

A bat is nearby!
The bat barely misses you.
There are monsters nearby!
You miss the bat. The bat barely misses you. The bat closely misses you.
You riposte.
You closely miss the bat. You hit the bat.
The bat is severely wounded.
The bat closely misses you. The bat misses you.
You closely miss the bat.
The bat is severely wounded.
The bat hits you but does no damage. x2; The bat hits you.
The rat twitches its whiskers.
The rat bites you.
You hit the bat.
You kill the bat!
The rat bites you but does no damage.
You hit the rat.
You kill the rat!
No target in view!
No target in view!
No target in view!
No target in view!
No target in view!
No target in view!
No target in view!
No target in view!
No target in view!
No target in view!
No target in view!
HP restored.
A bat comes into view.
You see here a rat corpse.
A bat is nearby!
A bat is nearby!
A bat is nearby!
The bat closely misses you.
You riposte.
You hit the bat.
You kill the bat!
Cast which spell? (? or * to list)
Okay, then.
Are you sure you want to abandon this character and quit the game? (Confirm with "yes".)

###.#####.##
#.# #.#####.#
## #.......#
#. #.####### .
####.#
#....########
#
#...†.†......
. #
#.!#@.####.#.#
....#
#.#.†.#.# #...
#...#....#
#...
#.#...#.##
#...
.....#..##
#...#
..####.#.
#...# . # .
#...# +# ##.


There were no monsters in sight!

Vanquished Creatures
  2 bats (D:1)
  A kobold (D:1)
  A rat (D:1)
4 creatures vanquished.

Notes
Turn   | Place    | Note
-------+----------+-------------------------------------------
     0 | D:1      | dickylongcocking the Djinni Wanderer began the quest for
                  | the Orb.
     0 | D:1      | Reached XP level 1. HP: 21/21 MP: 0/0
   301 | D:1      | Quit the game

Illustrated notes

Levels and vault maps discovered:
D:1:      minmay_arrival_open_corners, layout_loops_corners,
          hangedman_abyss_or_decor_stabs, hex_tiny

Action                   || total
-------------------------++-------
Melee: Falchion          ||     7
Armor: Robe              ||     4
Dodge: Dodged            ||     8
       Rpst.: Falchion   ||     4

Table legend: (Time is in decaauts)
 A = Elapsed time spent in this place.
 B = Non-inter-level travel time spent in this place.
 C = Inter-level travel time spent in this place.
 D = Time resting spent in this place.
 E = Time spent auto-exploring this place.
 F = Levels seen in this place.
 G = Mean time per level.
                   A        B        C        D        E       F      G
               +--------+--------+--------+--------+--------+-----+--------+
         Total |    302 |    302 |      0 |      0 |    276 |   1 |  302.0 |
       Dungeon |    302 |    302 |      0 |      0 |    276 |   1 |  302.0 |
               +--------+--------+--------+--------+--------+-----+--------+

Top non-repeatable levels by time:
     D:1: 302 daAuts
